 Dungeon Crawl Stone Soup version 0.16-a0-3962-g290d66c (webtiles) character file.

163 Charly the Ducker (level 5, -1/35 HPs)
             Began as a Merfolk Ice Elementalist on Feb 10, 2015.
             Slain by a jackal (2 damage)
             ... on level 2 of the Dungeon.
             The game lasted 00:14:31 (1012 turns).

Charly the Ducker (Merfolk Ice Elementalist)        Turns: 1012, Time: 00:14:32

Health: -1/35      AC:  5    Str:  8    XL:     5   Next: 44%
Magic:  0/9        EV: 15    Int: 19    God:
Gold:   74         SH:  0    Dex: 16    Spells: 3 memorised, 0 levels left

rFire  . . .     SeeInvis .     i - -3 spear (curse)
rCold  . . .     Clarity  .     a - +0 robe
rNeg   . . .     SustAb   .     (no shield)
rPois  .         Gourm    .     g - +1 helmet
rElec  .         Spirit   .     (no cloak)
rCorr  .         Warding  .     l - +0 pair of gloves
rMut   .         Stasis   .     (no boots)
MR     .....                    (no amulet)
Stlth  ++........               (no ring)
                                (no ring)

@: brilliant, not resistant to hostile enchantments, unstealthy
A: change form in water, swift swim
a: no special abilities


You were on level 2 of the Dungeon.
You were very full.

You visited 1 branch of the dungeon, and saw 4 of its levels.

You collected 144 gold pieces.
You spent 70 gold pieces at shops.

Inventory:

Hand weapons
 i - a cursed -3 spear (weapon)
Missiles
 k - 4 javelins (quivered)
 p - 14 poisoned needles
Armour
 a - a +0 robe (worn)
 g - a +1 helmet (worn)
 l - a +0 pair of gloves (worn)
Magical staves
 n - an uncursed staff of air {unknown}
Scrolls
 j - 3 scrolls of identify
 m - a scroll of magic mapping
 o - a scroll of remove curse
Potions
 e - 2 potions of brilliance
Books
 b - a book of Frost

   Spells                             Type                      Level
   a - Freeze                         Ice                          1
   b - Throw Frost                    Conjuration/Ice              2
   c - Ozocubu's Armour               Charms/Ice                   3
   d - Throw Icicle                   Conjuration/Ice              4
   e - Summon Ice Beast               Ice/Summoning                4
   f - Condensation Shield            Ice                          4
Comestibles
 c - a bread ration
 h - a meat ration


   Skills:
 - Level 2.0 Polearms
 - Level 4.7 Dodging
 - Level 2.1 Stealth
 - Level 2.0 Spellcasting
   Level 0.7 Conjurations
 + Level 1.6 Charms
 * Level 0.8 Summonings
 + Level 4.7 Ice Magic


You couldn't memorise any spells.
You knew the following spells:

 Your Spells              Type           Power        Failure   Level  Hunger
a - Ozocubu's Armour      Chrm/Ice       ####....     1%          3    ###....
b - Summon Ice Beast      Ice/Summ       ###.....     10%         4    #####..
f - Freeze                Ice            ####         1%          1    #......


Dungeon Overview and Level Annotations

Branches:
Dungeon (4/15)
 Temple: D:4-7

Altars:
Gozag

Shops:
D:4 ([(?

Annotations:
D:2 Ijyb
D:3 Terence
D:4 Dowan, Robin, Sigmund


Message History

You barely miss Ijyb.
Ijyb is heavily wounded.
The jackal closely misses you. Ijyb hits you but does no damage.
You barely miss Ijyb.
Ijyb is heavily wounded.
The jackal barely misses you. x2
Ijyb misses you.
Casting: Freeze
Confirm with . or Enter, or press ? or * to list all spells.
Nothing appears to happen.
The jackal barely misses you. Ijyb hits you but does no damage.
You hit Ijyb.
Ijyb is severely wounded.
The jackal bites you.
* * * LOW HITPOINT WARNING * * *
Ijyb hits you but does no damage.
You hit Ijyb but do no damage.
Ijyb is severely wounded.
The jackal bites you.
You die...

*,*****,**,**###*,*,*******
*,*,,,,,**,* #..,,,,,,,,,,*
*,,,,*,,,*,* #!.,,*,*****,*
**,,,***,,,,* #.#***,* *,*
*,,,,,,,,,,,* #.# *,* *,*
*,,*,,,,,*,,* #.# *,*****,*
*,**,,_,,**,* #g# *,,,,,*,**
*,,*,,,,,*,,* #g# *****,#,,*
*,,,,,,,,,,,* #@# **.#..####
*,,,,***,,,***#h#******.........
*,,,,,*$......shr.......******#.
**,*,,,,....#.....###.#,* #.
*,**,**..,.........,,*,* #.
*,**,***,..#.....#.#,*,* #.
*,,,,,,,..###)..##.#*,,* #.
*********#* ##?##*,#**,* #.
#.#**<***,******#.


You could see Ijyb, 2 jackals, a giant cockroach, a goblin and a rat.

Vanquished Creatures
  An orc wizard (D:4)
  An orc priest (D:4)
  4 adders
  3 gnolls (D:2)
  A worm (D:4)
  A giant gecko (D:4)
  2 orcs (D:4)
  4 bats
  5 hobgoblins
  5 jackals
  2 giant cockroaches
  2 giant newts
  4 goblins
  2 kobolds (D:1)
  5 rats
42 creatures vanquished.

Notes
Turn   | Place    | Note
--------------------------------------------------------------
     0 | D:1      | Charly, the Merfolk Ice Elementalist, began the quest for the Orb.
     0 | D:1      | Reached XP level 1. HP: 13/13 MP: 3/3
   156 | D:1      | Reached XP level 2. HP: 19/19 MP: 0/4
   298 | D:2      | Reached skill level 4 in Ice Magic
   298 | D:2      | Reached XP level 3. HP: 24/24 MP: 0/6
   407 | D:2      | Learned a level 3 spell: Ozocubu's Armour
   479 | D:2      | Reached XP level 4. HP: 23/30 MP: 3/7
   508 | D:2      | You fall through a shaft for 2 floors!
   531 | D:4      | Found Struutrida's Antique Weapon Boutique.
   536 | D:4      | Reached skill level 1 in Polearms
   549 | D:4      | Reached skill level 1 in Charms
   554 | D:4      | Reached XP level 5. HP: 26/35 MP: 0/9
   610 | D:4      | Found Vyagacw's Armour Shoppe.
   622 | D:4      | Found Psaezuc's Antique Weapon Emporium.
   626 | D:4      | Noticed Dowan
   685 | D:4      | Noticed Sigmund
   704 | D:4      | Learned a level 4 spell: Summon Ice Beast
   735 | D:4      | Found Zeogixax's Magic Scroll Shoppe.
   747 | D:4      | Bought a scroll of remove curse for 42 gold pieces
   747 | D:4      | Bought a scroll of identify for 28 gold pieces
   791 | D:4      | Noticed Robin
   807 | D:3      | Noticed Terence
   915 | D:3      | Found an opulent altar of Gozag.
   948 | D:2      | Noticed Ijyb
  1011 | D:2      | HP: 1/35 [jackal (2)]
  1012 | D:2      | Slain by a jackal

Action                   |  1- 3 |  4- 6 || total
-------------------------+-------+-------++-------
Melee: Spear             |     1 |    78 ||    79
Throw: Javelin           |     1 |    11 ||    12
 Cast: Freeze            |    28 |    55 ||    83
       Summon Ice Beast  |       |     1 ||     1
  Use: Scroll            |       |     6 ||     6
       Potion            |       |     1 ||     1
 Stab: Sleeping          |     1 |     3 ||     4
  Eat: Pizza             |     3 |       ||     3
       Meat ration       |       |     1 ||     1
